 Dungeon Crawl Stone Soup version 0.20-a0-433-g9e36e56 (webtiles) character file.

28 Kriby the Magician (level 2, -3/19 HPs)
             Began as a Mummy Fire Elementalist on Jan 4, 2017.
             Slain by Sigmund
             ... wielding a +0 scythe
              (7 damage)
             ... on level 2 of the Dungeon.
             The game lasted 00:01:11 (1096 turns).

Kriby the Magician (Mummy Fire Elementalist)        Turns: 1096, Time: 00:01:12

Health: -3/19      AC:  3    Str: 11    XL:     2   Next: 96%
Magic:  0/5        EV: 12    Int: 14    God:
Gold:   31         SH:  0    Dex: 12    Spells: 5/6 levels left

rFire  x . .     SeeInvis .     e - +0 short sword
rCold  + . .     Gourm    .     a - +0 robe
rNeg   + + +     Faith    .     (no shield)
rPois  ∞         Spirit   .     (no helmet)
rElec  .         Reflect  .     c - +0 cloak
rCorr  .         Harm     .     (no gloves)
MR     .....                    (no boots)
Stlth  ++........               (no amulet)
                                (no ring)
                                (no ring)

@: no status effects
A: no food or potions, fire vulnerability, cold resistance 1, negative energy
resistance 3, torment resistance, unbreathing
a: no special abilities


You were on level 2 of the Dungeon.
You were not hungry.

You visited 1 branch of the dungeon, and saw 2 of its levels.

You collected 31 gold pieces.

Inventory:

Hand Weapons
 e - a +0 short sword (weapon)
Armour
 a - a +0 robe (worn)
 c - a +0 cloak (worn)
Scrolls
 d - a scroll of fog {unknown}
Books
 b - a book of Flames

   Spells                             Type                      Level
   a - Flame Tongue                   Conjuration/Fire             1
   b - Throw Flame                    Conjuration/Fire             2
   c - Conjure Flame                  Conjuration/Fire             3
   d - Inner Flame                    Hexes/Fire                   3
   e - Sticky Flame                   Conjuration/Fire             4
   f - Fireball                       Conjuration/Fire             5


   Skills:
 - Level 1.5 Dodging
 - Level 1.5 Stealth
 + Level 2.8 Spellcasting
 * Level 1.8 Conjurations
 + Level 2.8 Fire Magic


You had 5 spell levels left.
You knew the following spells:

 Your Spells              Type           Power        Failure   Level  Hunger
a - Flame Tongue          Conj/Fire      #....        10%         1    N/A

Dungeon Overview and Level Annotations

Branches:
Dungeon (2/15)

Altars:

Annotations:
D:2 Sigmund


Innate Abilities, Weirdness & Mutations

You do not eat or drink.
Your flesh is vulnerable to fire.
You are immune to poison.
Your flesh is cold resistant. (rC+)
You are immune to negative energy. (rN+++)
You are immune to unholy pain and torment.
You can survive without breathing.


Message History

* * * LOW HITPOINT WARNING * * *
Casting: Flame Tongue
Confirm with . or Enter, or press ? or * to list all spells.
Aiming: Flame Tongue
Press: ? - help, Shift-Dir - straight line, f/p - Sigmund
Aim: Sigmund, wielding a scythe and wearing an embroidered robe (moderately wounded)
The flame tongue hits Sigmund.
Sigmund is heavily wounded.
Sigmund gestures at you while chanting. The puff of flame misses you.
Casting: Flame Tongue
Confirm with . or Enter, or press ? or * to list all spells.
Aiming: Flame Tongue
Press: ? - help, Shift-Dir - straight line, f/p - Sigmund
Aim: Sigmund, wielding a scythe and wearing an embroidered robe (heavily wounded)
The flame tongue hits Sigmund.
Sigmund is heavily wounded.
Sigmund screams, "Don't try to resist!"
Sigmund hits you from afar with a scythe!
You die...

###.####### #
#.... ....
#.#.#.#...#
####...#.#...###
.........'......
####.###.#....##
#.# #@# ##.#
#####.# #)#
..%#.# #@# #.#.#
#.# #...# #!#
#..###.#
#......#
#.####..
##.###.# #......
#.%#### #.....
##.# #####.!..
#.# #.......#


You could see Sigmund.

Vanquished Creatures
  An ooze (D:1)
  2 leopard geckos
  2 bats (D:1)
  2 giant cockroaches (D:1)
  3 hobgoblins
  A frilled lizard (D:1)
  2 goblins
  4 kobolds
  4 rats
21 creatures vanquished.

Notes
Turn   | Place    | Note
-------+----------+-------------------------------------------
     0 | D:1      | Kriby the Mummy Fire Elementalist began the quest for the Orb.
     0 | D:1      | Reached XP level 1. HP: 13/13 MP: 4/4
   103 | D:1      | Reached skill level 1 in Conjurations
   180 | D:1      | Reached XP level 2. HP: 19/19 MP: 3/5
  1086 | D:2      | Noticed Sigmund
  1096 | D:2      | Slain by Sigmund

Vault maps used:
D:1:      minmay_arrival_four_circles
D:2:      uniq_iyjb, uniq_sigmund, uniq_natasha, uniq_terence

Skill      XL: |  1 |
---------------+----+-----
Conjurations   | 1 |  1.8
Dodging        | |  1.5
Stealth        | |  1.5
Spellcasting   | |  2.8
Fire Magic     | |  2.8

Action                   || total
-------------------------++-------
Melee: Unarmed           ||     7
 Cast: Flame Tongue      ||    38
Armor: Robe              ||     5
Dodge: Dodged            ||    20
